 Dungeon Crawl Stone Soup version 0.18-a0-1468-gaf180a1 (webtiles) character file.

9401 Vahdor the Blocker (level 11, 0/97 HPs)
             Began as a Minotaur Fighter on Feb 29, 2016.
             Was a Priest of the Shining One.
             Slain by a 20-headed hydra (3 damage)
             ... on level 1 of the Lair of Beasts on Mar 1, 2016.
             The game lasted 02:00:53 (15898 turns).

Vahdor the Blocker (Minotaur Fighter)              Turns: 15898, Time: 02:00:54

Health: 0/97       AC: 32    Str: 24    XL:     11   Next: 22%
Magic:  10/10      EV: 11    Int:  5    God:    the Shining One [***...]
Gold:   729        SH: 16    Dex: 15    Spells: 0 memorised, 10 levels left

rFire  + . .     SeeInvis +     J - +4 hand axe
rCold  + . .     Gourm    .     I - +14 chain mail "Xiruazik" {rC+ Regen+ rCorr SInv}
rNeg   + . .     Faith    .     c - +0 shield
rPois  .         Spirit   .     (helmet restricted)
rElec  .         Dismiss  .     M - +0 cloak
rCorr  +         Reflect  +     e - +2 pair of gloves
SustAt .         Harm     .     n - +1 pair of boots
MR     .....                    i - +3 amulet of reflection
Stlth  ..........               w - ring of resist corrosion
                                Y - ring of protection from fire

@: agile, very slightly contaminated, glowing, not resistant to hostile
enchantments, extremely unstealthy
A: retaliatory headbutt, horns 2, mutation resistance 1
a: Divine Shield, Renounce Religion


You were on level 1 of the Lair of Beasts.
You worshipped the Shining One.
The Shining One was most pleased with you.
You were not hungry.

You visited 3 branches of the dungeon, and saw 11 of its levels.

You collected 729 gold pieces.

Inventory:

Hand Weapons
 b - a +2 war axe
 k - a +3 war axe
 o - a +0 war axe
 J - a +4 hand axe (weapon)
Missiles
 H - 17 tomahawks (quivered)
Armour
 c - a +0 shield (worn)
 e - a +2 pair of gloves (worn)
 m - a +0 ring mail of magic resistance
 n - a +1 pair of boots (worn)
 I - the +14 chain mail "Xiruazik" (worn) {rC+ Regen+ rCorr SInv}
   (You found it on level 8 of the Dungeon)

   It protects you from cold.
   It lets you see invisible.
   It increases your rate of regeneration.
   It protects you from acid and corrosion.
 M - a +0 cloak (worn)
Magical Staves
 g - a cursed staff of air {unknown}
Jewellery
 i - a +3 amulet of reflection (around neck)
 w - a ring of resist corrosion (right hand)
 Y - a ring of protection from fire (left hand)
Scrolls
 a - a scroll of identify
 l - a scroll of magic mapping
 p - 6 scrolls of remove curse
 s - a scroll of blinking
 B - a scroll of enchant armour
 O - 3 scrolls of amnesia
 U - a scroll of enchant weapon
Potions
 d - 4 potions of might
 h - a potion of agility
 t - a potion of cancellation
 E - 2 potions of lignification
 K - a potion of brilliance
 L - a potion of heal wounds
 P - a potion of curing
Miscellaneous
 q - a crystal ball of energy
Comestibles
 f - 5 bread rations
 j - a chunk of flesh
 r - 9 meat rations
 A - a beef jerky
 N - 15 fruits


   Skills:
 + Level 9.3 Fighting
 + Level 10.2(10.3) Axes
   Level 2.0(6.8) Polearms
 + Level 1.5 Throwing
 + Level 9.3 Armour
 + Level 7.4 Dodging
 + Level 2.9 Stealth
 + Level 10.8 Shields
 + Level 0.4 Invocations


You had 10 spell levels left.
You didn't know any spells.

Dungeon Overview and Level Annotations

Branches:
Dungeon (9/15)             Temple (1/1) D:4            Lair (1/8) D:9
    Orc: D:9-12

Altars:
Ashenzari
Cheibriados
Dithmenos
Elyvilon
Fedhas
Gozag
Kikubaaqudgha
Makhleb
Nemelex Xobeh
Okawaru
Pakellas
Qazlal
Ru
Sif Muna
Trog
Vehumet
Xom
Yredelemnul
Zin
The Shining One

Shops:
D:8 [


Innate Abilities, Weirdness & Mutations

You reflexively headbutt those who attack you in melee.
You have a pair of horns on your head.
You are somewhat resistant to further mutation.


Message History

* * * LOW HITPOINT WARNING * * *
The 20-headed hydra bites you but does no damage.
The 20-headed hydra closely misses you. The basilisk gazes at you.
You resist with some effort.
There is a staircase back to the Dungeon, spattered with blood here.
The 20-headed hydra bites you but does no damage.
You block the 20-headed hydra's attack. x2
The 20-headed hydra barely misses you. The 20-headed hydra bites you.
* * * LOW HITPOINT WARNING * * *
You block the 20-headed hydra's attack.
The 20-headed hydra bites you but does no damage.
The 20-headed hydra bites you.
* * * LOW HITPOINT WARNING * * *
The 20-headed hydra bites you but does no damage. x3
You block the 20-headed hydra's attack. The 20-headed hydra bites you.
* * * LOW HITPOINT WARNING * * *
The 20-headed hydra bites you but does no damage. x4
The 20-headed hydra bites you.
You die...

##########
###........## ######
#....@......#####.....
##....D.l.............
#......t.............
##..........#........
##.....Y...#...##...
#.............##...
##....P#.##...#....
#....##......#....
###..###.#l###....


You could see a 20-headed hydra, a yak, a basilisk and a crocodile.

Vanquished Creatures
  Pikel (D:7)
  An ugly thing (D:9)
  A cyclops (D:9)
  2 spiny frogs (Lair:1)
  A komodo dragon (Lair:1)
  2 two-headed ogres
  4 blink frogs (Lair:1)
  A wraith (D:9)
  A wyvern (D:8)
  4 yaks (Lair:1)
  A hippogriff (D:9)
  4 water moccasins (Lair:1)
  The ghost of Liam the Conjurer, an amateur DECj (D:4)
  3 orc warriors (D:7)
  2 ice beasts
  2 black bears
  9 ogres
  2 centaurs
  2 crocodiles
  2 big kobolds
  8 giant frogs
  2 scorpions
  2 water moccasin zombies
  3 howler monkeys (D:8)
  7 wights
  3 crimson imps
  A giant frog zombie (D:6)
  6 hounds
  A centaur skeleton (D:9)
  4 orc priests
  7 orc wizards
  A giant frog skeleton (D:9)
  Crazy Yiuf (D:3)
  Jessica (D:3)
  4 iguanas
  Ijyb (D:3)
  4 worker ants
  7 sheep (Lair:1)
  A hound skeleton (D:4)
  Robin (D:3)
  12 adders
  2 gnolls
  9 river rats
  A shadow imp (D:9)
  An ooze (D:4)
  An adder skeleton (D:6)
  3 worms
  3 giant geckos
  37 orcs
  2 ball pythons (D:3)
  10 giant cockroaches
  14 goblins
  12 hobgoblins
  6 jackals
  17 kobolds
  8 quokkas
  16 bats
  A giant gecko zombie (D:5)
  8 giant newts
  9 rats
  2 butterflies (D:4)
  17 fungi
  6 plants (D:8)
308 creatures vanquished.

Vanquished Creatures (others)
  3 slaves (D:7)
  A centaur (D:8)
  A worm (D:7)
  A giant gecko (D:7)
  2 orcs (D:7)
  A rat (D:2)
  5 fungi (D:9)
  A plant (D:9)
15 creatures vanquished.

Grand Total: 323 creatures vanquished

Notes
Turn   | Place    | Note
--------------------------------------------------------------
     0 | D:1      | Vahdor the Minotaur Fighter began the quest for the Orb.
     0 | D:1      | Reached XP level 1. HP: 19/19 MP: 0/0
   401 | D:1      | Reached XP level 2. HP: 27/27 MP: 1/1
   948 | D:1      | Reached XP level 3. HP: 33/33 MP: 2/2
  1794 | D:2      | Reached skill level 1 in Dodging
  2131 | D:2      | Reached XP level 4. HP: 40/40 MP: 3/3
  3280 | D:2      | Found a glowing golden altar of the Shining One.
  3298 | D:2      | Found an ancient bone altar of Kikubaaqudgha.
  3319 | D:2      | Became a worshipper of the Shining One
  3603 | D:3      | Noticed Jessica
  3605 | D:3      | Noticed Robin
  3626 | D:3      | Killed Robin
  3629 | D:3      | Killed Jessica
  3785 | D:3      | Reached XP level 5. HP: 37/47 MP: 4/4
  4068 | D:3      | Noticed Ijyb
  4081 | D:3      | Killed Ijyb
  4109 | D:3      | Reached skill level 5 in Armour
  4654 | D:3      | Found a deep blue altar of Sif Muna.
  4729 | D:3      | Reached skill level 5 in Shields
  4863 | D:3      | Reached XP level 6. HP: 49/53 MP: 5/5
  5030 | D:3      | Noticed Crazy Yiuf
  5039 | D:3      | Killed Crazy Yiuf
  5496 | D:4      | Noticed Liam's ghost (amateur DECj)
  5510 | D:4      | Killed Liam's ghost
  5799 | D:4      | Found a staircase to the Ecumenical Temple.
  5819 | Temple   | Entered the Ecumenical Temple
  6602 | D:4      | Reached XP level 7. HP: 54/60 MP: 6/6
  7291 | D:5      | Entered Level 5 of the Dungeon
  7360 | D:5      | Reached skill level 5 in Fighting
  7360 | D:5      | Reached skill level 1 in Stealth
  8569 | D:6      | Found a bloodstained altar of Trog.
  8569 | D:6      | Found an iron altar of Okawaru.
  8752 | D:6      | Found a sparkling altar of Nemelex Xobeh.
  8753 | D:6      | Found a blossoming altar of Fedhas.
  9065 | D:6      | Reached * piety under the Shining One
  9195 | D:6      | Reached skill level 1 in Throwing
  9203 | D:6      | Reached skill level 5 in Axes
  9203 | D:6      | Reached XP level 8. HP: 53/69 MP: 7/7
 10497 | D:6      | Reached skill level 1 in Polearms
 10535 | D:6      | Got a polished ring mail
 10549 | D:6      | Identified the +4 ring mail of the Monkey {rC+} (You found it on level 6 of the Dungeon)
 10719 | D:7      | Reached skill level 5 in Dodging
 10901 | D:7      | Reached XP level 9. HP: 78/78 MP: 8/8
 10938 | D:7      | Noticed Pikel
 10938 | D:7      | Reached ** piety under the Shining One
 10948 | D:7      | Killed Pikel
 10974 | D:7      | Found a shimmering altar of Xom.
 10975 | D:7      | Found a burning altar of Makhleb.
 11287 | D:7      | Found a white marble altar of Elyvilon.
 11543 | D:7      | Found a sparkling altar of Nemelex Xobeh.
 12002 | D:7      | Found a basalt altar of Yredelemnul.
 12355 | D:8      | Got a slimy chain mail
 12364 | D:8      | Reached XP level 10. HP: 85/88 MP: 9/9
 12845 | D:8      | Found Bicer's Antique Armour Boutique.
 13058 | D:8      | Upgraded the game from 0.18-a0-1443-ge8f1551 to 0.18-a0-1466-g2490093
 13058 | D:8      | Upgraded the game from 0.18-a0-1466-g2490093 to 0.18-a0-1468-gaf180a1
 13193 | D:8      | Identified the +14 chain mail "Xiruazik" {rC+ Regen+ rCorr SInv} (You found it on level 8 of the Dungeon)
 13447 | D:8      | Found a blossoming altar of Fedhas.
 13699 | D:9      | Noticed a cyclops
 13711 | D:9      | Killed a cyclops
 13730 | D:9      | Found an oddly glowing altar of Pakellas.
 14102 | D:9      | Reached *** piety under the Shining One
 14108 | D:9      | Found a staircase to the Lair.
 14467 | D:9      | Noticed a green ugly thing
 14483 | D:9      | Killed a green ugly thing
 14734 | D:9      | Gained mutation: You are somewhat resistant to further mutation. [potion of mutation]
 15082 | Lair:1   | Entered Level 1 of the Lair of Beasts
 15082 | Lair:1   | Noticed a spiny frog
 15090 | Lair:1   | Killed a spiny frog
 15090 | Lair:1   | Reached skill level 10 in Shields
 15143 | Lair:1   | Noticed a spiny frog
 15164 | Lair:1   | Killed a spiny frog
 15319 | Lair:1   | Reached XP level 11. HP: 97/97 MP: 10/10
 15331 | Lair:1   | Reached skill level 10 in Axes
 15445 | Lair:1   | Found a labyrinth entrance.
 15692 | Lair:1   | Noticed a seven-headed hydra
 15898 | Lair:1   | HP: 3/97 [20-headed hydra (4)]
 15898 | Lair:1   | Slain by a 20-headed hydra

Vault maps used:
D:1:      scummos_arrival_checkerplants
D:2:      amethyst_overflow_temple_binary
D:3:      led_sif_pool, first_bread, uniq_iyjb, uniq_robin,
          uniq_crazy_yiuf_cottage, uniq_jessica
D:4:      minmay_temple_entry_butterflies
D:6:      grunt_temple_overflow_bloody_war, gammafunk_temple_overflow_statue
D:7:      kennysheep_ying_yang, grunt_temple_overflow_champion_of_chaos,
          nemelex_diamond_rough_becter, uniq_pikel
D:8:      serial_shops, nicolae_shop_overgrown_old_shop, hangedman_tree_tricks
D:9:      johnstein_pakellas_death_squad, due_lair_maze_entry_diamond
Temple:   hc_temple_tempest_star
Lair:1:   lab_entry_generic, minmay_hedge_maze, guppyfry_lair_drakes

Skill      XL: |  1  2  3  4  5  6  7  8  9 10 11 |
---------------+----------------------------------+-----
Shields        | 4 5 6 7 8 10 | 10.8
Armour         | 4 5 6 7 8 9 |  9.3
Fighting       | 4 5 6 8 9 |  9.3
Dodging        | 1 2 3 4 5 6 7 |  7.4
Axes           | 3 4 5 6 8 9 10 | 10.2
Stealth        | 1 2 |  2.9
Throwing       | 1 |  1.5
Polearms       | 1 2 |  2.0
Invocations    | |  0.4

Action                   |  1- 3 |  4- 6 |  7- 9 | 10-12 || total
-------------------------+-------+-------+-------+-------++-------
Melee: War axe           |   114 |   177 |   256 |   127 ||   674
       Trident           |       |       |     5 |       ||     5
       Hand axe          |       |       |       |   239 ||   239
Throw: Javelin           |       |     4 |     4 |       ||     8
Invok: Divine Shield     |       |       |       |     3 ||     3
Evoke: Wand              |       |       |       |     8 ||     8
  Use: Potion            |       |     8 |     5 |     7 ||    20
       Scroll            |       |     9 |     7 |     9 ||    25
  Eat: Chunk             |     4 |     8 |    17 |    10 ||    39
       Meat ration       |       |     1 |       |       ||     1
       Pizza             |       |     1 |     1 |       ||     2
       Fruit             |       |       |       |     3 ||     3
